 Dungeon Crawl Stone Soup version 0.22-a0-845-g8bfc27d406 (webtiles) character file.

331 Destragon the Ruffian (level 6, -1/59 HPs)
             Began as a Troll Transmuter on July 26, 2018.
             Splashed by an orc wizard's acid (9 damage)
             ... on level 4 of the Dungeon.
             The game lasted 00:12:58 (3089 turns).

Destragon the Ruffian (Troll Transmuter)            Turns: 3089, Time: 00:12:59

Health: -1/59      AC:  2    Str: 19    XL:     6   Next: 26%
Magic:  6/7        EV: 10    Int: 11    God:
Gold:   169        SH:  2    Dex: 10    Spells: 5/8 levels left

rFire    . . .     SeeInvis .     - Unarmed
rCold    . . .     Gourm    +   (no shield)
rNeg     . . .     Faith    .   b - +0 robe
rPois    .         Spirit   .   (helmet restricted)
rElec    .         Reflect  +   i - +0 cloak
rCorr    .         Harm     .   (gloves unavailable)
MR       .....                  (boots unavailable)
Stlth    +.........             p - +2 amulet of reflection
HPRegen  0.59/turn              (no ring)
MPRegen  0.10/turn              (no ring)

@: corroded, slowed, very slow
A: large, unfitting armour, claws 3, fast metabolism 3, gourmand, regeneration
1, shaggy fur 1, tough skin 2
a: no special abilities


You were on level 4 of the Dungeon.
You were not hungry.

You visited 1 branch of the dungeon, and saw 4 of its levels.

You collected 169 gold pieces.

Inventory:

Missiles
 a - 20 arrows
 e - 4 javelins (quivered)
Armour
 b - a +0 robe (worn)
 i - a +0 cloak (worn)
Jewellery
 p - a +2 amulet of reflection (around neck)
Wands
 o - a wand of iceblast (9)
Scrolls
 g - a scroll of fog {unknown}
 h - 3 scrolls of identify
 j - a scroll of noise {unknown}
 k - a scroll of teleportation {unknown}
 m - a scroll of remove curse {unknown}
 n - a scroll of enchant weapon {unknown}
 q - a scroll of blinking {unknown}
Potions
 c - a potion of flight
 f - a potion of degeneration {unknown}
 l - a potion of agility {unknown}
Comestibles
 d - 15 rations
 r - 2 chunks of flesh


   Skills:
 * Level 2.8 Fighting
 + Level 2.5 Dodging
 * Level 4.6 Unarmed Combat
 + Level 1.9 Spellcasting
 + Level 2.2 Transmutations


You had 5 spell levels left.
You knew the following spells:

 Your Spells              Type           Power        Failure   Level  Hunger
a - Beastly Appendage     Tmut           #.....       12%         1    ##.....
b - Sticks to Snakes      Tmut           #.......     19%         2    ###....

Your spell library contained the following spells:

 Spells                   Type           Power        Failure   Level  Hunger
 Spider Form              Tmut/Pois      #.........   50%         3    ####...
 Blade Hands              Tmut           #.........   97%         5    ######.
 Ice Form                 Ice/Tmut       #.......     88%         4    #####..


Dungeon Overview and Level Annotations

Branches:
Dungeon (4/15)
 Temple: D:4-7

Altars:
Fedhas
Vehumet
Yredelemnul


Innate Abilities, Weirdness & Mutations

You are too large for most types of armour.
You have claws for hands.
Your metabolism is lightning-fast.
You like to eat raw meat.
Your natural rate of healing is unusually fast.
You are covered in fur. (AC +1)
You have very tough skin. (AC +2)


Message History

* * * LOW HITPOINT WARNING * * *
The orc wizard zaps a wand.
The bolt of acid misses you.
The orc wizard gestures at you while chanting.
You feel yourself slow down. The orc wizard casts a spell at you.
You resist with some effort.
The orc wizard zaps a wand.
The bolt of acid misses you.
Some of the chunks of flesh in your inventory have rotted away.
The orc wizard hits you with a dagger. The orc wizard hits you with a dagger.
* * * LOW HITPOINT WARNING * * *
Okay, then.
As you read the scroll labeled IDWUER YFEU, it crumbles to dust.
It is a scroll of identify.
c - a potion of flight You are no longer corroded.
The orc wizard zaps a wand.
The bolt of acid hits you!
* * * LOW HITPOINT WARNING * * *
The acid corrodes you!
You are splashed with acid!
The acid burns!
You die...

#.....#.............#
###.....#.#.######Z#
................oo# #
#.....####.####### # #.....# #Z#
#....# #.# ####.####.###
#.......#.#o## #.##.##.#..#@#
#.##.##.#.###.## #. #.......)##
#.# # #.# #.##.##.#.###.## ##
#.###.##.##.##.#.# #.
#...........###..# #.
#.###.#########..# #########.
#.###.####...##..#######.........
#..........#.............#####...


You could see an orc wizard.

Vanquished Creatures
  2 scorpions
  3 orc priests
  6 gnolls
  2 adders
  An ooze (D:3)
  An adder skeleton (D:4)
  3 dart slugs
  A leopard gecko (D:1)
  3 orcs (D:3)
  3 giant cockroaches
  7 goblins
  7 hobgoblins
  8 kobolds
  9 bats
  5 frilled lizards
  A quokka skeleton (D:4)
  9 rats
71 creatures vanquished.

Notes
Turn   | Place    | Note
-------+----------+-------------------------------------------
     0 | D:1      | Destragon the Troll Transmuter began the quest for the Orb.
     0 | D:1      | Reached XP level 1. HP: 18/18 MP: 1/1
    26 | D:1      | Reached skill level 1 in Fighting
   153 | D:1      | Reached XP level 2. HP: 27/27 MP: 2/2
   445 | D:1      | Reached XP level 3. HP: 32/33 MP: 4/4
   455 | D:1      | Learned a level 2 spell: Sticks to Snakes
   842 | D:2      | Found a basalt altar of Yredelemnul.
  1420 | D:3      | Reached XP level 4. HP: 42/42 MP: 5/5
  1819 | D:3      | Found a radiant altar of Vehumet.
  2034 | D:3      | Found a blossoming altar of Fedhas.
  2163 | D:3      | Reached skill level 4 in Unarmed Combat
  2163 | D:3      | Reached XP level 5. HP: 20/49 MP: 4/6
  2886 | D:4      | Reached XP level 6. HP: 52/59 MP: 2/7
  3089 | D:4      | Splashed by an orc wizard's acid

Vault maps used:
D:1:      dpeg_arrival_leaves_temple_mockup
D:2:      lemuel_round_altar
D:3:      lemuel_doored_altar, fedhas_altar_3
D:4:      grunt_temple_overflow_diamond, grunt_tough_drop

Skill      XL: |  1  2  3  4  5 |
---------------+----------------+-----
Fighting       | 1 2 |  2.8
Dodging        | 2 |  2.5
Unarmed Combat | 4 |  4.6
Transmutations | 2 |  2.2
Spellcasting   | |  1.9

Action                   |  1- 3 |  4- 6 || total
-------------------------+-------+-------++-------
Melee: Unarmed           |    84 |    70 ||   154
       Punch             |     1 |     1 ||     2
       Kick              |       |     8 ||     8
       Headbutt          |       |     1 ||     1
Throw: Javelin           |    21 |     3 ||    24
 Cast: Beastly Appendage |       |     4 ||     4
       Sticks to Snakes  |       |     5 ||     5
  Use: Scroll            |       |     1 ||     1
 Stab: Sleeping          |     1 |       ||     1
  Eat: Chunk             |    17 |     9 ||    26
Armor: Robe              |    61 |    21 ||    82
Dodge: Dodged            |    64 |    43 ||   107
Block: Other             |       |     3 ||     3

Table legend:
 A = Spawn XP
 B = Non-spawn XP
 C = Spawn XP percentage of total XP
 D = Spawn monster count
 E = Non-spawn monster count
 F = Spawn count percentage of total count
 G = Total turns spent on level
                    A         B        C        D         E        F      G
               +---------+---------+-------+---------+---------+-------+---------
         Total |       0 |     474 |   0.0 |       0 |      71 |   0.0 |  3089
               +---------+---------+-------+---------+---------+-------+---------
           D:1 |       0 |      49 |   0.0 |       0 |      27 |   0.0 |   841
           D:2 |       0 |      32 |   0.0 |       0 |      16 |   0.0 |   436
           D:3 |       0 |     202 |   0.0 |       0 |      19 |   0.0 |   989
           D:4 |       0 |     191 |   0.0 |       0 |       9 |   0.0 |   823
               +---------+---------+-------+---------+---------+-------+---------
